 Dungeon Crawl Stone Soup version 0.27.1-33-g824d729ab1 (webtiles) character file.

Game seed: 8203711126040857670

41 SensoryNuts the Slasher (level 3, 0/31 HPs)
             Began as a Draconian Monk on Dec 10, 2021.
             Slain by Sigmund (11 damage)
             ... on level 2 of the Dungeon.
             The game lasted 00:01:36 (1507 turns).

SensoryNuts the Slasher (Draconian Monk)            Turns: 1507, Time: 00:01:37

Health: 0/31       AC:  5    Str: 14    XL:     3   Next: 32%
Magic:  3/3        EV: 12    Int: 16    God:
Gold:   25         SH:  0    Dex: 13    Spells: 2/2 levels left

rFire    . . .     SeeInvis .   a - +0 falchion
rCold    . . .     Faith    .   (no shield)
rNeg     . . .     Spirit   .   (armour unavailable)
rPois    .         Reflect  .   (helmet restricted)
rElec    .         Harm     .   (no cloak)
rCorr    .         Rampage  .   (no gloves)
Will     .....                  (no boots)
Stlth    ++........             (no amulet)
HPRegen  0.10/turn              h - +6 ring of intelligence
MPRegen  0.08/turn              (no ring)

@: no status effects
A: AC +5, unfitting armour, cold-blooded
a: no special abilities


You were on level 2 of the Dungeon.
You visited 1 branch of the dungeon, and saw 2 of its levels.

You collected 25 gold pieces.

Inventory:

Hand Weapons
 a - a +0 falchion (weapon)
Jewellery
 h - a +6 ring of intelligence (left hand)
 k - a +4 ring of evasion
Scrolls
 e - a scroll of enchant weapon
 g - a scroll of noise
 j - a scroll of magic mapping {unknown}
Potions
 b - a potion of lignification {unknown}
 c - a potion of berserk rage {unknown}
 d - a potion of degeneration {unknown}
 f - a potion of curing {unknown}
 i - 3 potions of cancellation {unknown}


   Skills:
 + Level 3.5 Fighting
 + Level 3.7 Long Blades
 + Level 3.0 Dodging
 + Level 2.3 Stealth


You had 2 spell levels left.
You didn't know any spells.
Your spell library was empty.

Dungeon Overview and Level Annotations

Branches:
Dungeon (2/15)

Altars:
Sif Muna

Annotations:
D:2 Sigmund


Innate Abilities, Weirdness & Mutations

Your plain brown scales are hard. (AC +5)
You cannot fit into any form of body armour.
You are cold-blooded and may be slowed by cold attacks.


Message History

Sigmund is moderately wounded.
You barely miss Sigmund.
Sigmund is moderately wounded.
Sigmund barely misses you.
You barely miss Sigmund.
You tail-slap Sigmund, but do no damage.
Sigmund is moderately wounded.
You hit Sigmund.
Your tail-slap misses Sigmund.
Sigmund is moderately wounded.
Sigmund hits you with a +0 scythe.
You barely miss Sigmund. You tail-slap Sigmund.
Sigmund is moderately wounded.
Sigmund closely misses you.
You hit Sigmund.
Sigmund is heavily wounded.
Sigmund hits you with a +0 scythe.
You hit Sigmund.
Sigmund is severely wounded.
You barely miss Sigmund.
Sigmund is severely wounded.
Sigmund closely misses you. The rat barely misses you.
You hit Sigmund.
Your tail-slap misses Sigmund.
Sigmund is severely wounded.
The rat barely misses you.
You riposte.
You closely miss the rat. You tail-slap the rat.
You kill the rat!
Sigmund barely misses you.
You hit Sigmund but do no damage.
Sigmund is severely wounded.
Sigmund hits you with a +0 scythe!
You are too injured to fight recklessly!
You are too injured to fight recklessly!
You are too injured to fight recklessly!
Unknown command.
You hit Sigmund.
Sigmund is almost dead.
You hit Sigmund.
Your tail-slap misses Sigmund.
Sigmund is almost dead.
Sigmund hits you with a +0 scythe!
You die...

..# ##.#......# ..#
#........# .. ..#
###......# ... ..#
#......# #... ###
###......######..>.
#........##.....#
#...............#
#...##.####.†...#
#...##.....@#####
###########@# #.#
#.# #.# ... #.# #.#


You could see Sigmund.

Vanquished Creatures
  A dart slug (D:1)
  2 ball pythons (D:1)
  3 bats
  4 endoplasms (D:1)
  2 giant cockroaches
  3 goblins (D:1)
  A hobgoblin (D:1)
  7 kobolds (D:1)
  5 quokkas (D:1)
  A frilled lizard (D:2)
  7 rats
36 creatures vanquished.

Notes
Turn   | Place    | Note
-------+----------+-------------------------------------------
     0 | D:1      | SensoryNuts the Draconian Monk began the quest for the Orb.
     0 | D:1      | Reached XP level 1. HP: 19/19 MP: 1/1
   311 | D:1      | Reached XP level 2. HP: 24/26 MP: 2/2
   789 | D:1      | Reached XP level 3. HP: 30/31 MP: 3/3
  1413 | D:2      | Found a shimmering blue altar of Sif Muna.
  1494 | D:2      | Noticed Sigmund
  1507 | D:2      | Slain by Sigmund

Illustrated notes

Levels and vault maps discovered:
D:1:      onia_arrival_mini_maze, layout_loops_ring, hangedman_decor_push
D:2:      layout_basic, basic_altar, minmay_misc_feat_square, uniq_sigmund

Skill      XL: |  1  2 |
---------------+-------+-----
Stealth        | 2 |  2.3
Dodging        | 3 |  3.0
Fighting       | |  3.5
Long Blades    | |  3.7

Action                   || total
-------------------------++-------
Melee: Falchion          ||    99
       Tailslap          ||    13
  Use: Scroll            ||     4
 Stab: Sleeping          ||    11
Armor: Skin              ||    24
Dodge: Dodged            ||    55
       Rpst.: Falchion   ||    16
